 Dungeon Sprint DCSS version 0.26-a0-854-gdc81c2f471 (webtiles) character file.

Game seed: 12630818909064034936

45 Conn the Firebug (level 3, 0/21 HPs)
             Began as an Octopode Fire Elementalist on Nov 23, 2020.
             Succumbed to a worker ant's poison
             ... in the Dungeon (Sprint II: "The Violet Keep of Menkaure").
             The game lasted 00:02:11 (161 turns).

Conn the Firebug (Octopode Fire Elementalist)        Turns: 161, Time: 00:02:12

Health: 0/21       AC:  1    Str:  8    XL:     3   Next: 64%
Magic:  6/7        EV: 14    Int: 17    God:
Gold:   0          SH:  0    Dex: 12    Spells: 1/8 levels left

rFire    . . .     SeeInvis .     - Unarmed
rCold    . . .     Faith    .   (no shield)
rNeg     . . .     Spirit   .   (helmet restricted)
rPois    .         Reflect  .   (no amulet)
rElec    .         Harm     .   (no ring)
rCorr    .         Rampage  .   (no ring)
MR       .....     NoTele   +   (no ring)
Stlth    +++.......             (no ring)
HPRegen  0.07/turn              (no ring)
MPRegen  0.10/turn              (no ring)
                                (no ring)
                                (no ring)

@: lethally poisoned (0 -> -16)
A: almost no armour, stealthy swim, amphibious, 8 rings, constrict 8, camouflage
1, gelatinous body 1
a: no special abilities


You were in the Dungeon.
You visited 1 branch

Inventory:

Scrolls
 g - a scroll of blinking
Potions
 e - a potion of magic


   Skills:
 + Level 3.1 Dodging
 + Level 4.0 Stealth
 + Level 1.0 Unarmed Combat
 + Level 3.3 Spellcasting
 + Level 1.1 Conjurations
 + Level 5.8 Fire Magic


You had one spell level left.
You knew the following spells:

 Your Spells              Type           Power        Failure   Level
a - Foxfire               Conj/Fire      ##..         4%          1
b - Conjure Flame         Conj/Fire      ##......     12%         3
c - Inner Flame           Hex/Fire       ##......     16%         3

Your spell library contained the following spells:

 Spells                   Type           Power        Failure   Level
 Sticky Flame             Conj/Fire      ##......     38%         4
 Fireball                 Conj/Fire      ##........   75%         5


Dungeon Overview and Level Annotations

Branches:
Dungeon (1/1)

Altars:


Innate Abilities, Weirdness & Mutations

You cannot wear most types of armour.
You are very stealthy in the water. (Stealth+)
You are amphibious.
You can wear up to eight rings at the same time.
You can use your tentacles to constrict eight enemies at once.
Your skin changes colour to match your surroundings (Stealth+).
Your rubbery body absorbs attacks. (AC +1, EV +1)


Message History

Confirm with . or Enter, or press ? or * to list all spells.
You conjure some foxfire!
You feel sick. The worker ant bites you!
You are lethally poisoned!
The worker ant poisons you!
You feel sick.
The foxfire hits the worker ant but does no damage.
The worker ant is lightly wounded.
The worker ant closely misses you.
You barely miss the worker ant. Your grab misses the worker ant.
The worker ant is lightly wounded.
* * * LOW HITPOINT WARNING * * *
You feel sick. The worker ant barely misses you. The worker ant bites you.
* * * LOW HITPOINT WARNING * * *
Unknown command.
Okay, then.
Okay, then.
You barely miss the worker ant. You grab the worker ant.
The worker ant is lightly wounded.
You constrict the worker ant.
You die...

# ##. #+#
#.B.##.##
#+.<.+
#.B$##†##
##. #'# #
###$#
#B.#.B#
##@#.##
##+##


You could see a worker ant.

Vanquished Creatures
  2 worker ants (D)
2 creatures vanquished.

Vanquished Creatures (others)
  Menkaure (D)
  A water moccasin (D)
  8 foxfires (D)
10 creatures vanquished.

Grand Total: 12 creatures vanquished

Notes
Turn   | Place    | Note
-------+----------+-------------------------------------------
     0 | D        | Conn the Octopode Fire Elementalist began the quest for the
                  | Orb.
     0 | D        | Reached XP level 1. HP: 11/11 MP: 3/3
     1 | D        | Noticed a boulder beetle
     1 | D        | Noticed a boulder beetle
     4 | D        | Noticed a worker ant
     4 | D        | Noticed a worker ant
    10 | D        | Killed a worker ant
    11 | D        | Reached skill level 5 in Fire Magic
    11 | D        | Reached XP level 2. HP: 14/17 MP: 3/5
    15 | D        | Reached skill level 1 in Unarmed Combat
    15 | D        | Reached XP level 3. HP: 6/21 MP: 3/7
    25 | D        | Killed Menkaure
    46 | D        | Learned a level 3 spell: Conjure Flame
    50 | D        | Learned a level 3 spell: Inner Flame
   118 | D        | Killed a water moccasin
   160 | D        | HP: 1/21 [worker ant (5)]
   161 | D        | Succumbed to a worker ant's poison

Illustrated notes

Levels and vault maps discovered:
D:        the_violet_keep_of_menkaure [sprint2_stairs_cluster_1,
          sprint2_shoproom, sprint2_temple, sprint2_basic_supplies,
          sprint2_obstacle_4, sprint2_obstacle_2, sprint2_obstacle_7,
          sprint2_obstacle_5, sprint2_obstacle_6, sprint2_timed_cluster_1,
          sprint2_smallroom_cluster_1, sprint2_smallroom_final_cluster_1,
          sprint2_transparent_cluster_1, sprint2_second_timed_cluster_1,
          sprint2_sniper_area_1, sprint2_heavy_combat_area_1,
          sprint2_mutation_trap_area_1, sprint2_forest_area_1,
          sprint2_light_combat_area_1, sprint2_behind_water_1,
          sprint2_near_end_vault_1]

Skill      XL: |  1  2 |
---------------+-------+-----
Stealth        | 3 4 |  4.0
Fire Magic     | 5 |  5.8
Dodging        | 3 |  3.1
Unarmed Combat | 1 |  1.0
Spellcasting   | 3 |  3.3
Conjurations   | |  1.1

Action                   || total
-------------------------++-------
Melee: Unarmed           ||    13
       Constrict         ||     4
 Cast: Foxfire           ||     7
       Conjure Flame     ||     2
  Use: Potion            ||     5
 Stab: Sleeping          ||     1
Dodge: Dodged            ||     9

Table legend: (Time is in decaauts)
 A = Elapsed time spent in this place.
 B = Non-inter-level travel time spent in this place.
 C = Inter-level travel time spent in this place.
 D = Time resting spent in this place.
 E = Time spent auto-exploring this place.
 F = Levels seen in this place.
 G = Mean time per level.
                   A        B        C        D        E       F      G
               +--------+--------+--------+--------+--------+-----+--------+
         Total |    153 |    153 |      0 |     84 |      0 |   1 |  153.0 |
       Dungeon |    153 |    153 |      0 |     84 |      0 |   1 |  153.0 |
               +--------+--------+--------+--------+--------+-----+--------+

Top non-repeatable levels by time:
       D: 153 daAuts
